 Dungeon Crawl Stone Soup version 0.30-a0-250-g41c1d76940 (webtiles) character file.

Game seed: 244483848427384267

4697 freelancePsychic the Basher (level 10, -26/85 HPs)
             Began as an Armataur Artificer on Oct 13, 2022.
             Was a Follower of Hepliaklqana.
             Annihilated by a red devil
             ... wielding a +2 demon trident of electrocution
             ... summoned by a kobold demonologist
              (27 damage)
             ... on level 9 of the Dungeon.
             The game lasted 00:17:08 (9440 turns).

freelancePsychic the Basher (Armataur Artificer)    Turns: 9440, Time: 00:17:09

Health: -26/85     AC:  2    Str: 28    XL:     10   Next: 21%
Magic:  13/13      EV:  6    Int: 11    God:    Hepliaklqana [*.....]
Gold:   395        SH:  5    Dex: 11    Spells: 9/9 levels left

rFire   . . .      SeeInvis .    B - +5 lajatang (freeze)
rCold   . . .      Faith    .    (shield currently unavailable)
rNeg    . . .      Spirit   .    h - +1 chain mail
rPois   .          Reflect  +    (no helmet)
rElec   .          Harm     .    (no cloak)
rCorr   .          Roll     +    (no gloves)
Will    .....                    (no barding)
Stlth   ..........               a - amulet of reflection
HPRegen 0.34/turn                i - +6 ring of strength
MPRegen 0.13/turn                (no ring)

@: mighty, about to teleport, spiked, corroded
A: reduced essence, large, rugged brown scales 3, deformed body, armoured tail,
roll, long tongue, awkward tongue
a: Renounce Religion, Recall Ancestor, Ancestor Identity


You were on level 9 of the Dungeon.
You worshipped Hepliaklqana.
Hepliaklqana was aware of your devotion.
You visited 2 branches of the dungeon, and saw 10 of its levels.

You collected 395 gold pieces.

Inventory:

Hand Weapons
 v - a +2 flail of draining
 y - a +0 flail
 B - a +5 lajatang of freezing (weapon)
 H - a +5 flail
Missiles
 m - 6 javelins
 t - 6 boomerangs
 G - 5 curare-tipped darts (quivered)
Armour
 b - a +0 leather armour
 f - a +0 scale mail
 h - a +1 chain mail (worn)
Jewellery
 a - an amulet of reflection (around neck)
 e - a +6 ring of intelligence
 i - a +6 ring of strength (left hand)
 q - a ring of magical power
Wands
 c - a wand of flame (18)
 d - a wand of charming (12)
 u - a wand of polymorph (3)
 w - a wand of digging (9)
 D - a wand of paralysis (7)
 J - a wand of iceblast (8)
Scrolls
 g - a scroll of noise
 j - 6 scrolls of immolation
 k - a scroll of enchant weapon
 n - 3 scrolls of enchant armour
 p - a scroll of teleportation {@r4}
 x - 4 scrolls of fog
 E - 2 scrolls of identify {@r1}
Potions
 l - a potion of magic
 o - a potion of brilliance
 r - a potion of mutation
 s - a potion of haste {@q3}
 A - 2 potions of attraction


   Skills:
 + Level 7.8 Fighting
 - Level 8.1(8.3) Maces & Flails
 * Level 2.8(5.8) Staves
 - Level 3.8 Throwing
 - Level 5.5 Armour
 - Level 0.6 Dodging
 - Level 1.1 Stealth
 - Level 4.8 Invocations
 - Level 3.0 Evocations


You had 9 spell levels left.
You didn't know any spells.
Your spell library contained the following spells:

 Spells                   Type           Power      Damage    Failure   Level
 Apportation              Tloc           0%         N/A       88%         1
 Kiss of Death            Conj/Necr      0%         2d5       88%         1
 Necrotise                Necr           0%         1d4       88%         1
 Shock                    Conj/Air       0%         1d3       88%         1
 Summon Small Mammal      Summ           0%         N/A       88%         1
 Confusing Touch          Hex            0%         N/A       99%         3
 Kindle Blastsparks       Fire/Tloc/Air  0%         2d10      99%         3
 Dispel Undead            Necr           0%         3d6       100%        4
 Summon Lightning Spire   Summ/Air       0%         N/A       100%        4
 Lehudib's Crystal Spear  Conj/Erth      0%         10d2      100%        8


Dungeon Overview and Level Annotations

Branches:
Dungeon (9/15)             Temple (1/1) D:7             Orc (0/2) D:9
   Lair: D:8-11

Altars:
Ashenzari
Cheibriados
Dithmenos
Elyvilon
Fedhas
Gozag
Hepliaklqana
Kikubaaqudgha
Makhleb
Nemelex Xobeh
Okawaru
Qazlal
Ru
Sif Muna
Trog
Uskayaw
Vehumet
Wu Jian
Xom
Yredelemnul
Zin
The Shining One

Shops:
D:8 *

Annotations:
D:3 1 runed translucent door, gzilladon's ghost, amateur NaFi
D:8 snarfax's ghost, novice MiFi


Innate Abilities, Weirdness & Mutations

Your life essence is reduced to manifest your ancestor. (-10% HP)
You are completely covered in rugged brown scales. (AC +3, +7% HP)
Armour fits poorly on your strangely shaped body.
You have a long armoured tail.
You roll when moving toward enemies. (Rampage)
Your long tongue fully drains potion bottles. (2x potion effects)
Your tongue gives you trouble enunciating. (1.5x scroll delay)


Message History

You feel much better.
The ufetubus hits you but does no damage.
You block the ufetubus's attack.
The red devil hits you from afar with a +2 demon trident of electrocution!
Barbed spikes become lodged in your body.
The kobold completely misses you. You block the kobold's attack.
The kobold brigand hits you but does no damage.
The kobold demonologist hits you but does no damage.
The kobold brigand hits you with a +0 short sword.
The white imp grinds its teeth.
The white imp barely misses you. The rust devil hits you!
* * * LOW HITPOINT WARNING * * *
The rust devil corrodes you! The ufetubus hits you.
* * * LOW HITPOINT WARNING * * *
The ufetubus hits you but does no damage.
As you read the scroll of fear, it crumbles to dust.
You assume a fearsome visage.
The rust devil resists with some effort.
The ufetubus looks frightened!
The shadow imp looks frightened!
The white imp looks frightened!
The red devil resists with some effort.
The kobold demonologist looks frightened!
The kobold brigand looks frightened!
The kobold looks frightened!
The kobold brigand looks frightened!
The kobold looks frightened! x3
The red devil hits you from afar with a +2 demon trident of electrocution.
* * * LOW HITPOINT WARNING * * *
Barbed spikes become lodged in your body.
The rust devil hits you. The rust devil corrodes you!
As you read the scroll of teleportation {@r4}, it crumbles to dust.
You feel strangely unstable. You block the rust devil's attack.
The red devil hits you with a +2 demon trident of electrocution!!
* * * LOW HITPOINT WARNING * * *
Barbed spikes become lodged in your body.
You block the rust devil's attack.
The barbs in your skin will harm you if you move.
Continue?
Okay, then.
It was a potion of might.
You feel very mighty all of a sudden.
The rust devil disappears in a puff of smoke!
The red devil hits you with a +2 demon trident of electrocution!!
You die...

...................÷.#
......)........##....##
....###......)[##.....#
.............[[)).....#
.......K...K.[[[....#...
.....>..........##..#.##
.......?........##....#
......§..............##
..5....@...K........##
......4)......##....#
..............# ....#
...K5....##K...
...##....# .... ...
#K.K.. ... .. ...... ..
...#####


You could see a kobold demonologist (fleeing), a red devil (summoned), 2 kobold
brigands, a white imp (summoned, fleeing), a shadow imp (summoned, fleeing) and
4 kobolds.

Vanquished Creatures
  Erica (D:8)
  A hornet (D:9)
  Grinder (D:6)
  A wyvern (D:8)
  3 steam dragons
  A warg (D:9)
  A water moccasin (D:9)
  Duvessa (D:6)
  3 ice beasts
  A black bear (D:6)
  2 orc warriors
  An ogre (D:5)
  2 phantoms (D:4)
  4 kobold brigands
  4 bullfrogs
  A necrophage (D:5)
  3 scorpions
  3 wights (D:8)
  Dowan (D:6)
  2 killer bees (D:5)
  A howler monkey (D:6)
  3 jellies
  2 hounds
  5 orc priests
  A gnoll bouda (D:8)
  3 iguanas (D:5)
  Natasha (twice) (D:2)
  4 orc wizards
  7 gnolls
  9 adders
  A shadow imp (D:7)
  2 white imps
  An ufetubus (D:7)
  A worm (D:3)
  4 dart slugs
  32 orcs
  3 endoplasms
  A giant cockroach (D:3)
  9 goblins
  5 hobgoblins
  2 jackals (D:4)
  20 kobolds
  6 quokkas
  6 ball pythons
  7 bats
  5 frilled lizards
  4 rats
183 creatures vanquished.

Vanquished Creatures (collateral kills)
  A killer bee (D:5)
  2 orc priests
  An orc wizard (D:9)
  A white imp (D:7)
  An ufetubus (D:7)
  9 orcs
15 creatures vanquished.

Vanquished Creatures (others)
  2 ancestors
  12 plants
14 creatures vanquished.

Grand Total: 212 creatures vanquished

Notes
Turn   | Place    | Note
-------+----------+-------------------------------------------
     0 | D:1      | freelancePsychic the Armataur Artificer began the quest for
                  | the Orb.
     0 | D:1      | Reached XP level 1. HP: 16/16 MP: 1/1
   108 | D:1      | Reached skill level 1 in Fighting
   345 | D:1      | Reached skill level 1 in Maces & Flails
   345 | D:1      | Reached XP level 2. HP: 24/24 MP: 2/2
  1240 | D:2      | Reached XP level 3. HP: 25/29 MP: 3/3
  1397 | D:2      | Noticed Natasha
  1409 | D:2      | Killed Natasha
  1520 | D:2      | Reached XP level 4. HP: 30/38 MP: 4/4
  1639 | D:2      | Found a faded altar of an unknown god.
  1914 | D:2      | Reached skill level 2 in Maces & Flails
  2075 | D:2      | Noticed Natasha
  2085 | D:2      | Killed Natasha
  2090 | D:3      | Found a radiant altar of Vehumet.
  2090 | D:3      | Found a shimmering altar of Xom.
  2090 | D:3      | Found a glowing silver altar of Zin.
  2090 | D:3      | Found a basalt altar of Yredelemnul.
  2423 | D:3      | Found a runed translucent door.
  2429 | D:3      | Noticed gzilladon's ghost (amateur NaFi)
  2551 | D:3      | Reached XP level 5. HP: 35/44 MP: 5/5
  3065 | D:4      | Noticed a phantom
  3083 | D:4      | Killed a phantom
  3171 | D:4      | Reached skill level 3 in Maces & Flails
  3185 | D:4      | Reached XP level 6. HP: 54/54 MP: 6/6
  3503 | D:4      | Noticed a steam dragon
  3509 | D:4      | Killed a steam dragon
  3510 | D:4      | Reached skill level 5 in Armour
  3518 | D:4      | Reached skill level 4 in Maces & Flails
  3518 | D:4      | Reached XP level 7. HP: 29/62 MP: 7/7
  4348 | D:5      | Entered Level 5 of the Dungeon
  4462 | D:5      | Reached skill level 1 in Throwing
  4578 | D:5      | Reached skill level 5 in Maces & Flails
  4853 | D:5      | Reached XP level 8. HP: 60/71 MP: 8/8
  5386 | D:6      | Reached skill level 6 in Maces & Flails
  5546 | D:6      | Noticed Grinder
  5557 | D:6      | Paralysed by Grinder for 2 turns
  5561 | D:6      | Killed Grinder
  5562 | D:6      | Reached skill level 5 in Fighting
  5729 | D:6      | Noticed Duvessa
  5733 | D:6      | Noticed Dowan
  5743 | D:6      | Killed Duvessa
  5749 | D:6      | Killed Dowan
  5750 | D:6      | Reached skill level 7 in Maces & Flails
  6142 | D:6      | Reached XP level 9. HP: 72/79 MP: 9/9
  7162 | D:7      | Found a staircase to the Ecumenical Temple.
  7190 | D:7      | Got the Volume of the Damaging Welkin
  7200 | Temple   | Entered the Ecumenical Temple
  7330 | Temple   | Became a worshipper of Hepliaklqana the Forgotten
  7538 | D:7      | Reached skill level 1 in Invocations
  7659 | D:8      | Found Weamp's General Store.
  7676 | D:8      | Reached skill level 8 in Maces & Flails
  7841 | D:8      | Found a runed translucent gate.
  7841 | D:8      | Found a runed translucent gate.
  7841 | D:8      | Found a runed translucent gate.
  7841 | D:8      | Noticed snarfax's ghost (novice MiFi)
  7841 | D:8      | Noticed a ten-headed hydra
  7842 | D:8      | Noticed a ten-headed hydra
  8650 | D:8      | Noticed Erica
  8668 | D:8      | Killed Erica
  8669 | D:8      | Reached XP level 10. HP: 76/92 MP: 11/13
  8737 | D:8      | Reached * piety under Hepliaklqana
  9176 | D:9      | Reached skill level 1 in Staves
  9416 | D:9      | Found a staircase to the Orcish Mines.
  9428 | D:9      | Noticed a rust devil
  9439 | D:9      | HP: 1/85 [red devil/+2 demon trident of electrocution[a
                  | kobold demonologist] (23)]
  9440 | D:9      | Annihilated by a red devil

Illustrated notes

Levels and vault maps discovered:
D:1:      dpeg_arrival_leaves_temple_mockup, layout_basic, serial_curves,
          eino_curves_01, eino_curves_02
D:2:      layout_loops_ring, chequers_ecumenical_altar_lobes, uniq_natasha
D:3:      layout_basic, grunt_temple_overflow_open,
          ebering_ghost_reflecting_pool, serial_bayou_lake_a
D:4:      layout_basic, minmay_puff
D:5:      layout_cave_pools, serial_glass, glass_columns_a, glass_columns_a,
          glass_columns_c, glass_columns_a, glass_columns_a, glass_columns_a,
          glass_columns_a, glass_columns_b, glass_columns_b, glass_columns_b
D:6:      layout_basic, uniq_grinder, uniq_duvessa
D:7:      layout_rooms, minmay_temple_entry_mini_moons
D:8:      layout_cave_pools, serial_shops, shop, gammafunk_ghost_hydra_chop,
          uniq_erica
D:9:      layout_roguey, erik_orc_4
Temple:   nicolae_temple_two_arcs

Skill      XL: |  1  2  3  4  5  6  7  8  9 10 |
---------------+-------------------------------+-----
Fighting       | 1 2 3 4 5 7 |  7.8
Maces & Flails | 1 2 3 4 5 7 8 |  8.1
Armour         | 3 4 5 |  5.5
Throwing       | 1 3 |  3.8
Invocations    | 4 |  4.8
Staves         | 2 |  2.8
Dodging        | |  0.6
Stealth        | |  1.1
Evocations     | |  3.0

Action                   |  1- 3 |  4- 6 |  7- 9 | 10-12 || total
-------------------------+-------+-------+-------+-------++-------
Melee: Club              |    11 |       |       |       ||    11
       Whip              |    97 |    93 |       |       ||   190
       Tailslap          |    10 |    11 |    50 |     4 ||    75
       Punch             |     1 |     1 |     4 |       ||     6
       Mace              |       |    69 |   225 |       ||   294
       Flail             |       |       |   123 |       ||   123
       Lajatang          |       |       |       |    37 ||    37
Throw: Boomerang         |       |       |    20 |       ||    20
       Dart              |       |       |     2 |     2 ||     4
       Throwing net      |       |       |     1 |       ||     1
Evoke: Wand              |     1 |     8 |     5 |       ||    14
  Use: Scroll            |     1 |     6 |     7 |     5 ||    19
       Potion            |       |     4 |     2 |     2 ||     8
 Stab: Distracted        |       |       |       |     1 ||     1
Armor: Chain mail        |    72 |   127 |   176 |    55 ||   430
       Scale mail        |     3 |       |       |       ||     3
Dodge: Dodged            |    33 |    48 |    83 |    25 ||   189
Block: Other             |       |       |    74 |    23 ||    97
       Reflection        |       |       |     1 |     1 ||     2

Table legend: (Time is in decaauts)
 A = Elapsed time spent in this place.
 B = Non-inter-level travel time spent in this place.
 C = Inter-level travel time spent in this place.
 D = Time resting spent in this place.
 E = Time spent auto-exploring this place.
 F = Levels seen in this place.
 G = Mean time per level.
                   A        B        C        D        E       F      G
               +--------+--------+--------+--------+--------+-----+--------+
         Total |   9561 |   9098 |    463 |    647 |   6786 |  10 |  956.1 |
       Dungeon |   9422 |   8966 |    456 |    647 |   6676 |   9 | 1046.9 |
        Temple |    138 |    131 |      7 |      0 |    110 |   1 |  138.0 |
               +--------+--------+--------+--------+--------+-----+--------+

Top non-repeatable levels by time:
     D:8: 1716 daAuts
     D:6: 1441 daAuts
     D:4: 1269 daAuts
     D:1: 1238 daAuts
     D:3: 1052 daAuts
     D:5: 957 daAuts
     D:2: 862 daAuts
     D:7: 783 daAuts
  Temple: 138 daAuts
     D:9: 101 daAuts
